 Dungeon Crawl Stone Soup version 0.19.0 (webtiles) character file.

249 Danakh the Chopper (level 5, -3/47 HPs)
             Began as a Minotaur Fighter on Nov 6, 2016.
             Was a Believer of Okawaru.
             Slain by Grinder (6 damage)
             ... on level 3 of the Dungeon.
             The game lasted 00:05:17 (1419 turns).

Danakh the Chopper (Minotaur Fighter)               Turns: 1419, Time: 00:05:18

Health: -3/47      AC: 11    Str: 21    XL:     5   Next: 86%
Magic:  3/4        EV:  7    Int:  5    God:    Okawaru [**....]
Gold:   78         SH:  9    Dex: 10    Spells: 0 memorised, 4 levels left

rFire  . . .     SeeInvis .     a - +0 war axe
rCold  . . .     Gourm    .     b - +0 scale mail
rNeg   . . .     Faith    .     c - +0 shield
rPois  .         Spirit   .     (helmet restricted)
rElec  .         Reflect  .     (no cloak)
rCorr  .         Harm     .     r - +2 pair of gloves
MR     +....                    o - +0 pair of boots
Stlth  ..........               (no amulet)
                                p - ring of protection from magic
                                (no ring)

@: no status effects
A: retaliatory headbutt, horns 2
a: Heroism, Renounce Religion


You were on level 3 of the Dungeon.
You worshipped Okawaru.
Okawaru was pleased with you.
You were not hungry.

You visited 1 branch of the dungeon, and saw 3 of its levels.

You collected 78 gold pieces.

Inventory:

Hand Weapons
 a - a +0 war axe (weapon)
Armour
 b - a +0 scale mail (worn)
 c - a +0 shield (worn)
 o - a +0 pair of boots (worn)
 r - a +2 pair of gloves (worn)
Jewellery
 i - an uncursed ring of ice
 p - a ring of protection from magic (right hand)
 q - an uncursed ring of fire
Wands
 v - a wand of lightning (9/15)
 x - a wand of polymorph (8/24)
Scrolls
 e - 6 scrolls of identify {unknown}
 g - a scroll of amnesia {unknown}
 n - a scroll of remove curse {unknown}
 s - a scroll of fog {unknown}
 t - a scroll of teleportation {unknown}
Potions
 d - a potion of might
 h - a potion of cure mutation {unknown}
 j - 2 potions of haste {unknown}
 k - 2 potions of flight {unknown}
 l - a potion of lignification {unknown}
 m - 3 potions of curing {unknown}
 u - a potion of agility {unknown}
Comestibles
 f - 3 bread rations
 w - a chunk of flesh


   Skills:
 + Level 4.3 Fighting
 * Level 5.3 Axes
 + Level 4.8 Armour
 + Level 4.8 Shields


You had 4 spell levels left.
You didn't know any spells.

Dungeon Overview and Level Annotations

Branches:
Dungeon (3/15)

Altars:
Hepliaklqana
Okawaru

Annotations:
D:3 Grinder


Innate Abilities, Weirdness & Mutations

You reflexively headbutt those who attack you in melee.
You have a pair of horns on your head.


Message History

Grinder blinks!
Grinder gestures at you. Pain shoots through your body!
* * * LOW HITPOINT WARNING * * *
You slash the kobold!
You kill the kobold!
Grinder gestures at you. You resist with some effort.
Unknown command.
Grinder hits you.
* * * LOW HITPOINT WARNING * * *
You hit Grinder but do no damage.
Grinder is almost dead.
Grinder gestures at you. Pain shoots through your body!
* * * LOW HITPOINT WARNING * * *
You hit Grinder.
Grinder is almost dead.
Grinder hits you.
You die...

## #.. ##### #.<.
#..... #.>..
#.8..#
#.....##### ....#
# ###
#.....).@5##.8..#
#.##.##
#.....##........+
#...... #....
####..8..#
#.##.## #...
#.....###.##...
#..
#...8..#...#...
#.
#.............. #
##...#..........
##...............
#..............##


You could see Grinder.

Vanquished Creatures
  Sigmund (D:2)
  3 adders
  2 worms (D:2)
  3 dart slugs
  A leopard gecko (D:3)
  A ball python (D:2)
  3 bats
  A giant cockroach (D:2)
  4 hobgoblins
  7 jackals
  8 kobolds
  A frilled lizard (D:1)
  8 goblins
  5 rats
48 creatures vanquished.

Notes
Turn   | Place    | Note
-------+----------+-------------------------------------------
     0 | D:1      | Danakh the Minotaur Fighter began the quest for the Orb.
     0 | D:1      | Reached XP level 1. HP: 19/19 MP: 0/0
    91 | D:1      | Reached XP level 2. HP: 26/26 MP: 1/1
    93 | D:1      | Reached skill level 3 in Axes
   424 | D:2      | Reached XP level 3. HP: 13/31 MP: 2/2
   760 | D:2      | Found a faded altar of an unknown god.
   760 | D:2      | Found a faded altar of an unknown god.
   766 | D:2      | Found a hazy altar of Hepliaklqana.
   775 | D:2      | Became a worshipper of Warmaster Okawaru
   775 | D:2      | Reached * piety under Okawaru
   789 | D:2      | Found a faded altar of an unknown god.
   790 | D:2      | Found a faded altar of an unknown god.
   931 | D:2      | Reached skill level 4 in Axes
   994 | D:2      | Noticed Sigmund
  1161 | D:2      | Killed Sigmund
  1161 | D:2      | Reached ** piety under Okawaru
  1161 | D:2      | Reached skill level 5 in Axes
  1161 | D:2      | Reached XP level 4. HP: 37/41 MP: 0/3
  1161 | D:2      | Reached XP level 5. HP: 42/47 MP: 0/4
  1397 | D:3      | Noticed Grinder
  1406 | D:3      | Paralysed by Grinder for 7 turns
  1418 | D:3      | HP: 2/47 [Grinder/nerve-wracking pain (6)]
  1419 | D:3      | Slain by Grinder

Skill      XL: |  1  2  3 |
---------------+----------+-----
Shields        | 4 |  4.8
Axes           | 3 5 |  5.3
Armour         | 4 |  4.8
Fighting       | 4 |  4.3

Action                   |  1- 3 |  4- 6 || total
-------------------------+-------+-------++-------
Melee: War axe           |    87 |    39 ||   126
       Headbutt          |    13 |     5 ||    18
Invok: Heroism           |     1 |     1 ||     2
  Eat: Chunk             |     1 |     1 ||     2
Armor: Scale mail        |    44 |    18 ||    62
Dodge: Dodged            |    30 |    10 ||    40
Block: Shield            |    49 |    22 ||    71
